 Dungeon Crawl Stone Soup version 0.31-a0-1589-g8f5e8aebd6 (webtiles) character file.

Game seed: 3294174676507799231

150 Curundu the Chopper (level 5, -3/46 HPs)
             Began as a Minotaur Berserker on Jan 5, 2024.
             Was a Believer of Trog.
             Killed from afar by a kobold (6 damage)
             ... with a bolt of light
             ... on level 3 of the Dungeon.
             The game lasted 00:06:04 (1763 turns).

Curundu the Chopper (Minotaur Berserker)            Turns: 1763, Time: 00:06:04

Health: -3/46      AC:  7    Str: 23    XL:     5   Next: 10%
Magic:  4/4        EV: 10    Int:  4    God:    Trog [**....]
Gold:   129        SH:  0    Dex: 10    Spells: 4/4 levels left

rFire   . . .        a - +1 hand axe
rCold   . . .        (no shield)
rNeg    . . .        f - +0 scale mail
rPois   .            (helmet restricted)
rElec   .            (no cloak)
rCorr   .            p - +0 pair of gloves
SInv    +            (no boots)
Will    .....        (no amulet) Stlth
                     r - ring of see invisible
HPRegen 0.27/turn    (no ring)
MPRegen 0.09/turn

%: no passive effects
@: confused
A: horns 2, retaliatory headbutt
a: Renounce Religion, Berserk, Trog's Hand


You were on level 3 of the Dungeon.
You worshipped Trog.
Trog was pleased with you.
You visited 1 branch of the dungeon, and saw 3 of its levels.

You collected 129 gold pieces.

Inventory:

Hand Weapons
 a - a +1 hand axe (weapon)
Missiles
 e - 7 boomerangs
Armour
 b - a +0 animal skin
 f - a +0 scale mail (worn)
 p - a +0 pair of gloves (worn)
Jewellery
 l - a ring of flight
 r - a ring of see invisible (left hand)
Scrolls
 g - 2 scrolls of identify
 i - a scroll of teleportation
 n - a scroll of vulnerability
 o - a scroll of fear {unknown}
 q - a scroll of immolation
Potions
 c - a potion of might
 d - a potion of brilliance {unknown}
 h - 3 potions of heal wounds {unknown}
 j - a potion of degeneration {unknown}
 k - a potion of lignification {unknown}
 m - 2 potions of cancellation {unknown}


   Skills:
 - Level 4.0 Fighting
 + Level 6.3 Axes
 - Level 3.0 Armour
 - Level 2.7 Dodging


You had 4 spell levels left.
You didn't know any spells.
Your spell library was empty.

Dungeon Overview and Level Annotations

Branches:
Dungeon (3/15)

Altars:
Wu Jian


Innate Abilities, Weirdness & Mutations

You have a pair of horns on your head.
You reflexively headbutt those who attack you in melee.


Message History

A kobold comes into view. It is wielding a +0 club.
The kobold shouts!
You closely miss the kobold. You headbutt the kobold.
The kobold is moderately wounded.
The kobold hits you but does no damage.
A kobold comes into view. It is wielding a +0 club.
A gnoll comes into view. It is wielding a +0 spear.
You closely miss the kobold.
The kobold is moderately wounded.
The gnoll shouts!
The kobold shouts!
The kobold hits you but does no damage.
You closely miss the kobold. Your punch misses the kobold.
The kobold is moderately wounded.
The kobold zaps a wand.
The bolt of light hits you!
You are confused.
The kobold barely misses you.
A kobold comes into view.
A kobold comes into view.
The kobold shouts! x2
The kobold closely misses you. x2
You feel less confused.
The kobold closely misses you. x2; You furiously retaliate!
You headbutt the kobold.
The gnoll hits you from afar with a +0 spear.
The kobold hits you but does no damage. The kobold barely misses you.
The gnoll hits you from afar with a +0 spear.
The kobold zaps a wand.
The bolt of light hits you!
* * * LOW HITPOINT WARNING * * *
The kobold attacks as it pursues you! The kobold closely misses you.
The kobold attacks as it pursues you! The kobold hits you but does no damage.
The kobold attacks as it pursues you!
The kobold splashes around in the water.
The kobold zaps a wand.
The bolt of light hits you.
* * * LOW HITPOINT WARNING * * *
The kobold throws a stone.
The stone misses you.
The kobold zaps a wand.
The bolt of light hits the kobold!
The kobold dies!
The bolt of light hits you.
You are confused.
You die...

#....# #....
##############''#################
≈≈≈≈≈≈≈≈≈≈≈~~..KK~~≈≈≈≈≈≈≈≈≈≈≈≈≈≈
~≈≈≈≈≈~≈≈≈≈~~....g~≈≈≈≈≈≈≈≈≈≈≈≈≈≈
~~~~~~~~~~~~~..KK~≈~~~~~~~~~~~~~~
.~~.~~~~~.~.~...)~.((~~~†~~.~~~~.
.....................(...........
................@...÷............
.######..#.##.#..####.#.##..#.#.#
## #..#......## #..####...#.#
#..####.### #.###...#.#.# #..#
#.# #..##.##..... #..# #.#
#.#.#.#.###.# #..####.#
#............
#.......#######.###.#####..
##.####.........# #.# ###


You could see a gnoll and 4 kobolds.

Vanquished Creatures
  An ogre (D:3)
  An adder (D:2)
  2 ribbon worms
  A dart slug (D:2)
  6 bats
  2 endoplasms (D:2)
  4 giant cockroaches
  5 goblins
  6 hobgoblins
  5 jackals
  7 kobolds
  A quokka (D:1)
  2 ball pythons
  3 frilled lizards
  A rat (D:3)
47 creatures vanquished.

Vanquished Creatures (others)
  A kobold (D:3)
1 creature vanquished.

Grand Total: 48 creatures vanquished

Notes
Turn   | Place    | Note
-------+----------+-------------------------------------------
     0 | D:1      | Curundu the Minotaur Berserker began the quest for the Orb.
     0 | D:1      | Reached XP level 1. HP: 19/19 MP: 0/0
   102 | D:1      | Reached XP level 2. HP: 15/27 MP: 1/1
   422 | D:1      | Reached skill level 4 in Axes
   670 | D:2      | Reached XP level 3. HP: 31/33 MP: 2/2
   926 | D:2      | Found an ornate altar of the Wu Jian Council.
  1466 | D:3      | Reached ** piety under Trog
  1648 | D:3      | Noticed an ogre
  1652 | D:3      | Killed an ogre
  1653 | D:3      | Reached skill level 6 in Axes
  1653 | D:3      | Reached XP level 4. HP: 39/40 MP: 3/3
  1653 | D:3      | Reached XP level 5. HP: 44/46 MP: 4/4
  1763 | D:3      | Killed from afar by a kobold

Illustrated notes

Levels and vault maps discovered:
D:1:      lightli_arrival_windingriver, layout_rooms, serial_glass,
          glass_columns_a, glass_columns_a, glass_columns_c, glass_columns_a,
          minmay_strange_pillars, minmay_strange_pillars, feat_on_display
D:2:      layout_basic, basic_altar, grunt_decor_junction, st_stairs_4,
          roderic_lattice_a, minmay_misc_feat_tower,
          chequers_serial_rivers_small_a
D:3:      minmay_goblin_kobold_castle, layout_loops_ring

Skill      XL: |  1  2  3 |
---------------+----------+-----
Fighting       | 4 |  4.0
Axes           | 4 6 |  6.3
Armour         | 3 |  3.0
Dodging        | |  2.7

Action                     |  1- 3 |  4- 6 || total
---------------------------+-------+-------++-------
  Melee: Hand axe          |    83 |    10 ||    93
         Headbutt          |    19 |     1 ||    20
         Punch             |     1 |       ||     1
    Use: Scroll            |     5 |       ||     5
 Armour: Animal skin       |    36 |       ||    36
         Scale mail        |    39 |    19 ||    58
  Dodge: Dodged            |    70 |    18 ||    88

Table legend: (Time is in decaauts)
 A = Elapsed time spent in this place.
 B = Non-inter-level travel time spent in this place.
 C = Inter-level travel time spent in this place.
 D = Time resting spent in this place.
 E = Time spent auto-exploring this place.
 F = Levels seen in this place.
 G = Mean time per level.
                   A        B        C        D        E       F      G
               +--------+--------+--------+--------+--------+-----+--------+
         Total |   1771 |   1771 |      0 |      3 |   1273 |   3 |  590.3 |
       Dungeon |   1771 |   1771 |      0 |      3 |   1273 |   3 |  590.3 |
               +--------+--------+--------+--------+--------+-----+--------+

Top non-repeatable levels by time:
     D:2: 803 daAuts
     D:1: 545 daAuts
     D:3: 422 daAuts
